 Dungeon Crawl Stone Soup version 0.17-a0-2122-g03d97ec (webtiles) character file.

38 brucemayne the Chopper (level 3, 0/43 HPs)
             Began as a Demonspawn Berserker on Oct 21, 2015.
             Was a Follower of Trog.
             Slain by a jelly (3 damage)
             ... on level 4 of the Dungeon.
             The game lasted 00:03:07 (711 turns).

brucemayne the Chopper (Demonspawn Berserker)        Turns: 711, Time: 00:03:08

Health: 0/43       AC: -10   Str: 23    XL:     3   Next: 25%
Magic:  3/3        EV: 11    Int:  8    God:    Trog [*.....]
Gold:   35         SH:  0    Dex: 12    Spells: 0 memorised, 2 levels left

rFire  . . .     SeeInvis .     a - +0 hand axe
rCold  . . .     Clarity  .     g - +0 ring mail
rNeg   . . .     SustAt   .     (no shield)
rPois  .         Gourm    .     (no helmet)
rElec  .         Spirit   .     (no cloak)
rCorr  .         Warding  .     (no gloves)
rMut   .         Stasis   .     (no boots)
MR     .....                    (no amulet)
Stlth  ..........               (no ring)
                                (no ring)

@: berserking, corroded equipment, very quick, not resistant to hostile
enchantments, extremely unstealthy
A: demonic guardian 1, nightstalker 1
a: Berserk, Burn Spellbooks, Renounce Religion


You were on level 4 of the Dungeon.
You worshipped Trog.
Trog was aware of your devotion.
You were not hungry.

You visited 1 branch of the dungeon, and saw 4 of its levels.

You collected 35 gold pieces.

Inventory:

Hand Weapons
 a - a +0 hand axe (weapon)
Missiles
 h - 20 poisoned needles
Armour
 b - a +0 animal skin
 g - a +0 ring mail (worn)
Scrolls
 d - a scroll of enchant armour {unknown}
 e - a scroll of teleportation {unknown}
 i - 2 scrolls of remove curse {unknown}
 l - 2 scrolls of identify {unknown}
 n - a scroll of fear {unknown}
Potions
 j - a potion of haste {unknown}
 k - a potion of brilliance {unknown}
Comestibles
 c - a bread ration
 f - a slice of pizza
 m - a beef jerky


   Skills:
 - Level 3.0 Fighting
 + Level 4.0 Axes
 - Level 1.7 Armour
 - Level 1.7 Dodging


You had 2 spell levels left.
You didn't know any spells.

Dungeon Overview and Level Annotations

Branches:
Dungeon (4/15)
 Temple: D:4-7

Altars:
Trog


Innate Abilities, Weirdness & Mutations

A weak demonic guardian rushes to your aid.
You are slightly more attuned to the shadows.


Message History

You hit the jelly. The acid corrodes you!
Your hands burn!
The jelly is severely wounded.
The jelly hits you.
You are splashed with acid!
The acid corrodes you!
The acid burns!
You hit the jelly but do no damage. The acid corrodes you!
Your hands burn!
The jelly is severely wounded.
The jelly hits you.
You are splashed with acid!
The acid corrodes you!
The acid burns!
You hit the jelly but do no damage.
Your hands burn!
* * * LOW HITPOINT WARNING * * *
The jelly is severely wounded.
The jelly closely misses you.
You hit the jelly. The acid corrodes you!
Your hands burn!
* * * LOW HITPOINT WARNING * * *
The jelly is almost dead.
You hit the jelly but do no damage.
Your hands burn!
* * * LOW HITPOINT WARNING * * *
The jelly is almost dead.
The jelly hits you.
You die...

### #.. #.#
#.#
###.#########
#.$.(.......#
#.#.#######.#
#@#.#. #.#
#J#.#.. #.#
#.#.#..####.#
#.#.#.......#
#(#.#.#...###
#.# # #...+
#.#
#.#...######
#..........#
####.#####.#


You could see a jelly.

Vanquished Creatures
  2 adders (D:2)
  4 hobgoblins (D:3)
  A kobold (D:2)
  A ball python (D:3)
  3 bats
  A giant newt (D:3)
  7 jackals (D:3)
  2 rats (D:3)
21 creatures vanquished.

Vanquished Creatures (collateral kills)
  A rat (D:3)
1 creature vanquished.

Grand Total: 22 creatures vanquished

Notes
Turn   | Place    | Note
--------------------------------------------------------------
     0 | D:1      | brucemayne the Demonspawn Berserker began the quest for the Orb.
     0 | D:1      | Reached XP level 1. HP: 18/18 MP: 1/1
    64 | D:2      | Gained mutation: A weak demonic guardian rushes to your aid. [demonic ancestry]
    64 | D:2      | Reached XP level 2. HP: 24/24 MP: 2/2
   217 | D:2      | Gained mutation: You are slightly more attuned to the shadows. [demonic ancestry]
   217 | D:2      | Reached XP level 3. HP: 14/29 MP: 3/3
   361 | D:3      | Noticed a moth of wrath
   364 | D:3      | Found a bloodstained altar of Trog.
   581 | D:3      | Reached skill level 4 in Axes
   711 | D:4      | Slain by a jelly

Vault maps used:
D:1:      dpeg_arrival_refuge, serial_forest, infiniplex_forest_lined_room_,
          infiniplex_forest_end_1, infiniplex_forest_clump_large,
          infiniplex_forest_lined_3, infiniplex_forest_lined_room_2,
          infiniplex_forest_end_2
D:2:      kennysheep_generic_room_3, uniq_natasha
D:3:      tgw_trog, first_bread

Action                   || total
-------------------------++-------
Melee: Hand axe          ||    77
Invok: Berserk           ||     3
  Use: Potion            ||     2
 Stab: Sleeping          ||     1
  Eat: Bread ration      ||     1
